 Dungeon Crawl Stone Soup version 0.27.0-1-g7a08968 (webtiles) character file.

Game seed: 15338052328772639664

23287 Illumine the Zephyrmancer (level 13, 0/78 HPs)
             Began as a Tengu Air Elementalist on Aug 30, 2021.
             Was an Elder of Vehumet.
             Shot with a bolt by a yaktaur (21 damage)
             ... in a volcano on Sept 2, 2021.
             The game lasted 00:53:05 (20261 turns).

Illumine the Zephyrmancer (Tengu Air Elementalist) Turns: 20261, Time: 00:53:06

Health: 0/78       AC:  6    Str:  8    XL:     13   Next: 5%
Magic:  0/17       EV: 19    Int: 22    God:    Vehumet [****..]
Gold:   519        SH:  5    Dex: 14    Spells: 5/28 levels left

rFire    + + +     SeeInvis .   D - staff of air
rCold    + . .     Faith    .   X - +0 buckler
rNeg     . . .     Spirit   +   U - +2 robe {Archmagi}
rPois    .         Reflect  .   (helmet restricted)
rElec    +         Harm     .   y - scarf {shadows}
rCorr    .         Rampage  +   j - +1 pair of gloves
Will     .....     Archmagi +   (boots unavailable)
Stlth    ++++......             Z - amulet "Plog" {Spirit Rampage rF++ rC+ MP-9}
HPRegen  0.23/turn              Y - ring of Shadows {Umbra +Inv Stlth+}
MPRegen  0.15/turn              A - ring of protection from fire

@: flying quickly and evasively, wreathed by umbra, quick
A: beak, talons 3, nimble flight
a: Renounce Religion, Evoke Invisibility


You were in a volcano.
You worshipped Vehumet.
Vehumet was greatly pleased with you.
You visited 3 branches of the dungeon, and saw 16 of its levels.
You also visited: Sewer, Gauntlet and Volcano.

You collected 885 gold pieces.
You spent 366 gold pieces at shops.

Inventory:

Hand Weapons
 t - the +4 flail of Qukho {flame, Drain rF++ MP+9 Int+4}
   (You found it on level 2 of the Lair of Beasts)

   It burns those it strikes, dealing additional fire damage.
   Int:       It affects your intelligence (+4).
   rF:        It greatly protects you from fire.
   MP:        It affects your magic capacity (+9).
   Drain:     It drains your maximum health when unequipped.
Armour
 j - a +1 pair of gloves (worn)
 y - a scarf of shadows (worn)
 M - the +4 ring mail of the Rose {rF+ Will+}
   (You took it off a minotaur in a Gauntlet)

   rF:        It protects you from fire.
   Will:      It increases your willpower.
 P - the +1 plate armour of the Lumpy Olives {MP+9}
   (You found it on level 8 of the Dungeon)

   MP:        It affects your magic capacity (+9).
 T - the +2 ring mail of Elyvilon's Indignation {rPois rN+ Str-4 Slay+2}
   (You found it on level 8 of the Dungeon)

   Str:       It affects your strength (-4).
   Slay:      It affects your accuracy & damage with ranged weapons and melee
   (+2).
   rPois:     It protects you from poison.
   rN:        It protects you from negative energy.
 U - a +2 robe of the Archmagi (worn)
 X - a +0 buckler (worn)
Magical Staves
 D - a staff of air (weapon)
Jewellery
 a - a ring of poison resistance
 b - a ring of fire
 g - the amulet of Law {Acrobat rF+ rCorr Str+4}
   (You bought it in a shop on level 7 of the Dungeon)

   [amulet of the acrobat]

   It increases your evasion while moving and waiting.
   Str:       It affects your strength (+4).
   rF:        It protects you from fire.
   rCorr:     It protects you from acid and corrosion.
 q - a +4 ring of slaying
 x - an amulet of magic regeneration
 A - a ring of protection from fire (right hand)
 K - the ring of Sif Muna's Benevolence {rCorr Dex+6}
   (You bought it in a shop on level 7 of the Dungeon)

   [ring of resist corrosion]

   Dex:       It affects your dexterity (+6).
   rCorr:     It protects you from acid and corrosion.
 R - the ring of Kofigy {Str+6 Dex+3}
   (You found it on level 1 of the Lair of Beasts)

   [ring of strength]

   Str:       It affects your strength (+6).
   Dex:       It affects your dexterity (+3).
 V - an amulet of reflection
 Y - the ring of Shadows (left hand) {Umbra +Inv Stlth+}
   (You took it off an orc priest on level 11 of the Dungeon)

   [ring of stealth]

   It surrounds you with an aura of shadow, increasing your stealth and reducing
   the accuracy of all within it (including the wearer).
   +Inv:      It lets you turn invisible.
   Stlth:     It makes you more stealthy.
 Z - the amulet "Plog" (around neck) {Spirit Rampage rF++ rC+ MP-9}
   (You found it in a Gauntlet)

   [amulet of guardian spirit]

   It causes incoming damage to be divided between your reserves of health and
   magic.
   rF:        It greatly protects you from fire.
   rC:        It protects you from cold.
   MP:        It affects your magic capacity (-9).
   Rampage:   It bestows one free step when moving towards enemies.
Wands
 n - a wand of charming (2)
 v - a wand of paralysis (16)
 I - a wand of mindburst (12)
 O - a wand of iceblast (11)
 W - a wand of acid (23)
Scrolls
 d - 5 scrolls of blinking
 l - 9 scrolls of teleportation
 p - a scroll of magic mapping
 w - a scroll of amnesia {unknown}
 z - a scroll of vulnerability
 B - a scroll of holy word
 C - 2 scrolls of fog
 F - a scroll of fear
 G - 2 scrolls of enchant weapon
 N - 4 scrolls of enchant armour
 Q - a scroll of torment {unknown}
Potions
 c - 3 potions of heal wounds
 f - a potion of brilliance
 h - 5 potions of curing
 i - 2 potions of attraction
 k - a potion of cancellation {unknown}
 m - a potion of lignification {unknown}
 o - a potion of invisibility {unknown}
 r - 2 potions of ambrosia {unknown}
 s - a potion of flight {unknown}
 E - a potion of might {unknown}
 H - a potion of mutation {unknown}
 L - 3 potions of magic {unknown}
 S - a potion of haste {unknown}
Miscellaneous
 e - a condenser vane
 u - a phantom mirror (inert)
 J - a phial of floods


   Skills:
 + Level 8.2 Fighting
 - Level 2.0 Long Blades
 + Level 3.2 Staves
 + Level 9.4 Dodging
 - Level 2.0 Stealth
 - Level 4.0 Shields
 + Level 8.1 Spellcasting
 + Level 11.2 Conjurations
 + Level 3.5 Transmutations
 + Level 12.4 Air Magic
 - Level 3.0 Poison Magic
 + Level 6.2 Evocations


You had 5 spell levels left.
You knew the following spells:

 Your Spells              Type           Power      Damage    Failure   Level
a - Shock                 Conj/Air       100%       1d9       1%          1
b - Static Discharge      Conj/Air       95%        N/A       1%          2
c - Swiftness             Air            97%        N/A       1%          3
d - Airstrike             Air            48%        N/A       1%          4
e - Poisonous Vapours     Pois/Air       100%       N/A       1%          2
f - Irradiate             Conj/Tmut      29%        3d23      2%          5
g - Conjure Ball Lightni  Conj/Air       47%        3x3d16    2%          6

Your spell library contained the following spells:

 Spells                   Type           Power      Damage    Failure   Level
 Bolt of Magma            Conj/Fire/Erth 19%        4d10      12%         5
 Beastly Appendage        Tmut           72%        N/A       1%          1
 Corpse Rot               Necr/Air       N/A        N/A       1%          2
 Mephitic Cloud           Conj/Pois/Air  82%        N/A       1%          3
 Sandblast                Erth           26%        2d8       2%          1
 Wereblood                Tmut           36%        N/A       2%          2
 Sticky Flame             Conj/Fire      50%        2d7       2%          4
 Freezing Cloud           Conj/Ice/Air   39%        6-21      2%          5
 Passwall                 Tmut/Erth      20%        N/A       5%          2
 Spider Form              Tmut/Pois      17%        N/A       6%          3
 Summon Small Mammal      Summ           52%        N/A       8%          1
 Sublimation of Blood     Necr           6%         N/A       11%         2
 Call Canine Familiar     Summ           13%        N/A       22%         3
 Summon Guardian Golem    Hex/Summ       13%        N/A       22%         3
 Petrify                  Tmut/Erth      25%        N/A       34%         4
 Lee's Rapid Deconstruct  Erth           6%         3d7*      45%         5
 Dispel Undead            Necr           13%        3d9       58%         4
 Leda's Liquefaction      Hex/Erth       6%         N/A       58%         4
 Iron Shot                Conj/Erth      25%        9d5       28%         6
 Statue Form              Tmut/Erth      16%        N/A       99%         6
 Invisibility             Hex            6%         N/A       100%        6
 Chain Lightning          Conj/Air       47%        3d63      100%        9


Dungeon Overview and Level Annotations

Branches:
Dungeon (11/15)            Temple (1/1) D:5            Lair (4/6) D:9
 Shoals (0/4) Lair:3          Orc (0/2) D:9           Sewer (visited)
Volcano (1/1)             Gauntlet (visited)
  Snake: Lair:2-4    Spider: Lair:2-4

Altars:
Ashenzari
Dithmenos
Elyvilon
Fedhas
Gozag
Hepliaklqana
Kikubaaqudgha
Qazlal
Sif Muna
Trog
Uskayaw
Vehumet
Wu Jian
Xom
Yredelemnul
Zin

Shops:
D:1 !   D:3 (   D:7 *


Innate Abilities, Weirdness & Mutations

You have a beak for a mouth.
You have claws for feet.
Your magical nature lets you fly swiftly and evasively.


Message History

The hell knight hits you with a +0 flail of flaming!!
You swap places.
Your ball lightning explodes!
The blast of lightning engulfs your ball lightning.
Your ball lightning completely resists.
The blast of lightning engulfs you! You resist.
The blast of lightning engulfs the hell knight!
The hell knight is moderately wounded.
The blast of lightning engulfs your ball lightning.
Your ball lightning completely resists.
Your ball lightning explodes!
The blast of lightning engulfs the hell knight!!
The hell knight is severely wounded.
The blast of lightning engulfs you! You resist.
* * * LOW HITPOINT WARNING * * *
The blast of lightning engulfs your ball lightning.
Your ball lightning completely resists.
You hear a shout! x4
Unknown command.
Your ball lightning explodes!
The blast of lightning engulfs the hell knight!!
The hell knight is almost dead.
The blast of lightning engulfs you. You resist.
* * * LOW HITPOINT WARNING * * *
Unknown command.
Casting: Conjure Ball Lightning (dangerous; 2% risk of failure)
Confirm with . or Enter, or press ? or * to list all spells.
Okay, then.
Unknown command.
Casting: Conjure Ball Lightning (dangerous; 2% risk of failure)
Confirm with . or Enter, or press ? or * to list all spells.
Aiming: Shock (safe; 1% risk of failure)
Press: ? - help, Shift-Dir - straight line, f - hell knight
Aim: a hell knight, wielding a +0 flail of flaming and wearing a +2 chain mail of fire resistance (almost dead, fast, umbra, 74% to hit)
You feel a strong surge of power!
The zap hits the hell knight.
You kill the hell knight!
Vehumet accepts your kill.
The zap hits the yaktaur but does no damage.
The yaktaur shoots a bolt.
The bolt hits you!!
You die...

#p# ######## #.## #
##..##..### #####.##..##
###∩........###......§§§..
#....§§#####.....c.≈≈≈≈§≈≈
#≈≈..≈≈# ###....≈≈§≈§§≈≈
#≈≈≈≈§## #.....≈≈≈≈§§§≈≈
##≈≈≈## ##.)..≈≈≈§≈§≈≈≈
#§§## #.@...≈≈≈≈≈≈§≈≈ ##°#
#.....≈§≈§≈§≈≈≈ ###
####....§≈≈≈ ....§§...
##.§.### ####


You could see a yaktaur.

Vanquished Creatures
  Erolcha (D:9)
  5 hydras
  A boulder beetle (D:11)
  A two-headed ogre (D:10)
  Sonja (D:11)
  A hell knight (Volcano)
  Pikel (D:9)
  An oklob plant (Lair:2)
  An ugly thing (Gauntlet)
  3 black mambas (Lair:2)
  A torpor snail (Gauntlet)
  Joseph (D:10)
  A gargoyle (D:7)
  Maggie (D:10)
  A rime drake (Lair:3)
  The ghost of Dega the Chopper, a novice OpFi (D:4)
  7 komodo dragons
  A polar bear (Lair:1)
  Prince Ribbit (D:7)
  The ghost of Lemonspray55555 the Chopper, an amateur DgFi (D:4)
  The ghost of Dega the Chopper, an amateur DsFi (D:4)
  2 hornets (D:6)
  A vampire (D:9)
  2 shadows (D:9)
  A wraith (D:11)
  A spriggan (Lair:1)
  A wyvern (Lair:1)
  14 yaks
  3 steam dragons
  Menkaure (D:4)
  An acid dragon (D:9)
  The ghost of bleucrow the Sneak, an amateur KoBr (D:3)
  7 water moccasins
  A two-headed ogre zombie (D:9)
  4 orc warriors
  An ice beast (D:6)
  A black bear (Lair:2)
  A necrophage (D:5)
  6 centaurs
  2 phantoms
  2 kobold brigands
  9 bullfrogs
  A scorpion (D:7)
  2 gnoll sergeants
  A wyvern zombie (D:7)
  A wyvern skeleton (D:7)
  5 killer bees (D:9)
  4 troll zombies (D:9)
  6 wights
  5 electric eels (D:9)
  8 howler monkeys
  A centaur skeleton (D:7)
  5 centaur zombies
  2 bullfrog zombies
  3 orc priests
  A gnoll shaman (D:7)
  2 jellies
  A bullfrog skeleton (D:7)
  6 iguanas
  5 orc wizards
  3 ogre zombies (D:9)
  2 hound zombies
  A hound skeleton (D:4)
  A howler monkey zombie (D:8)
  7 adders
  17 gnolls
  An ufetubus (D:4)
  An adder zombie (D:4)
  An adder skeleton (D:4)
  6 worms
  5 dart slugs
  18 orcs
  5 endoplasms
  A giant cockroach (D:3)
  8 goblins
  7 hobgoblins
  3 jackals
  2 quokkas (D:1)
  9 ball pythons
  4 bats
  12 frilled lizards
  5 goblin skeletons (D:9)
  4 goblin zombies (D:9)
  3 hobgoblin skeletons (D:9)
  2 hobgoblin zombies (D:9)
  8 kobolds
  An orc skeleton (D:9)
  10 orc zombies (D:9)
  9 rats
310 creatures vanquished.

Vanquished Creatures (collateral kills)
  A minotaur (Gauntlet)
  2 glowing orange brains (Gauntlet)
  A ball lightning (Lair:3)
4 creatures vanquished.

Vanquished Creatures (others)
  An endoplasm (D:2)
  A bat (D:2)
  14 ball lightnings
  A bush (Lair:1)
  34 demonic plants (Gauntlet)
  5 fungi
  69 plants
  4 withered plants (D:4)
129 creatures vanquished.

Grand Total: 443 creatures vanquished

Notes
Turn   | Place    | Note
-------+----------+-------------------------------------------
     0 | D:1      | Illumine the Tengu Air Elementalist began the quest for the
                  | Orb.
     0 | D:1      | Reached XP level 1. HP: 10/10 MP: 4/4
   170 | D:1      | Reached XP level 2. HP: 15/15 MP: 0/6
   294 | D:1      | Found a faded altar of an unknown god.
   545 | D:1      | Learned a level 2 spell: Static Discharge
   728 | D:1      | Reached XP level 3. HP: 3/19 MP: 1/7
  1100 | D:1      | Found Zuilih's Distillery.
  1135 | D:1      | Bought a potion of curing for 36 gold pieces
  1725 | D:2      | Found a shimmering altar of Xom.
  1855 | D:2      | Reached XP level 4. HP: 22/24 MP: 6/9
  2277 | D:3      | Reached skill level 5 in Air Magic
  2389 | D:3      | Found Kiofal's Antique Weapon Emporium.
  2744 | D:3      | Found a runed translucent door.
  2746 | D:3      | Noticed bleucrow's ghost (amateur KoBr)
  2793 | D:3      | Found a runed translucent door.
  3238 | D:4      | Learned a level 3 spell: Swiftness
  3270 | D:4      | Found a runed translucent gate.
  3271 | D:4      | Found a runed translucent gate.
  3272 | D:4      | Found a runed translucent gate.
  3273 | D:4      | Noticed Dega's ghost (novice OpFi)
  3273 | D:4      | Noticed Lemonspray55555's ghost (amateur DgFi)
  3273 | D:4      | Noticed Dega's ghost (amateur DsFi)
  3350 | D:4      | Found a transporter.
  3353 | D:4      | Found an ancient bone altar of Kikubaaqudgha.
  3355 | D:4      | Found a transporter.
  3517 | D:4      | Found a basalt altar of Yredelemnul.
  3522 | D:4      | Reached skill level 1 in Fighting
  3522 | D:4      | Gained mutation: Your magical nature lets you fly swiftly
                  | and evasively. [Tengu growth]
  3522 | D:4      | Reached XP level 5. HP: 27/29 MP: 6/10
  3543 | D:4      | Noticed Menkaure
  3548 | D:4      | Identified the ring "Wuunuy" {rPois rC+ rCorr Dex+7 Stlth-}
  4331 | D:5      | Entered Level 5 of the Dungeon
  4331 | D:5      | Found a staircase to the Ecumenical Temple.
  4612 | D:5      | Reached XP level 6. HP: 25/35 MP: 7/11
  4617 | Temple   | Entered the Ecumenical Temple
  4711 | Temple   | Became a worshipper of Vehumet
  4873 | D:5      | Found a hazy altar of Hepliaklqana.
  4933 | D:5      | Noticed a necrophage
  4951 | D:5      | Killed a necrophage
  4976 | D:5      | Noticed an orc warrior
  4982 | D:5      | Reached skill level 6 in Air Magic
  4988 | D:5      | Killed an orc warrior
  4989 | D:5      | Reached XP level 7. HP: 30/40 MP: 6/13
  5031 | D:5      | Found a glowing drain.
  5038 | Sewer    | Entered a sewer
  5586 | D:5      | Reached skill level 5 in Conjurations
  5617 | D:5      | Learned a level 4 spell: Airstrike
  5858 | D:5      | Found a shimmering altar of Xom.
  5858 | D:5      | Found a shimmering altar of Xom.
  5859 | D:5      | Found a shimmering altar of Xom.
  5874 | D:5      | Reached * piety under Vehumet
  5874 | D:5      | Offered knowledge of Magic Dart by Vehumet.
  6140 | D:6      | Noticed a hornet
  6144 | D:6      | Killed a hornet
  6145 | D:6      | Reached skill level 7 in Air Magic
  6145 | D:6      | Reached XP level 8. HP: 46/46 MP: 6/15
  6641 | D:6      | Noticed a hornet
  6656 | D:6      | Killed a hornet
  6657 | D:6      | Reached skill level 5 in Dodging
  6657 | D:6      | Reached skill level 8 in Air Magic
  6922 | D:6      | Learned a level 2 spell: Poisonous Vapours
  7011 | D:7      | Reached XP level 9. HP: 52/52 MP: 13/17
  7072 | D:7      | Reached skill level 9 in Air Magic
  7141 | D:7      | Noticed a gargoyle
  7246 | D:7      | Reached skill level 5 in Spellcasting
  7273 | D:7      | Found Zuraclex's Assorted Antiques.
  7278 | D:7      | Bought a pitted silver amulet for 165 gold pieces
  7278 | D:7      | Identified the amulet of Law {Acrobat rF+ rCorr Str+4} (You
                  | bought it in a shop on level 7 of the Dungeon)
  7449 | D:7      | Reached skill level 1 in Poison Magic
  7455 | D:7      | Killed a gargoyle
  7613 | D:7      | Offered knowledge of Searing Ray by Vehumet.
  7872 | D:7      | Noticed Prince Ribbit
  7881 | D:7      | Killed Prince Ribbit
  7882 | D:7      | Reached skill level 5 in Fighting
  7882 | D:7      | Reached skill level 1 in Long Blades
  8049 | D:7      | Reached ** piety under Vehumet
  8173 | D:7      | Found a hide-covered altar of Uskayaw.
  8571 | D:8      | Identified the +1 plate armour of the Lumpy Olives {MP+9}
  8639 | D:8      | Noticed a komodo dragon
  8652 | D:8      | Killed a komodo dragon
  8653 | D:8      | Reached skill level 1 in Evocations
  8653 | D:8      | Reached XP level 10. HP: 26/59 MP: 1/19
  9391 | D:8      | Identified the +2 ring mail of Elyvilon's Indignation
                  | {rPois rN+ Str-4 Slay+2}
  9504 | D:9      | Noticed Erolcha
  9839 | D:9      | Reached skill level 10 in Air Magic
 10130 | D:9      | Killed Erolcha
 10313 | D:9      | Offered knowledge of Conjure Flame by Vehumet.
 10693 | D:9      | Reached *** piety under Vehumet
 10831 | D:9      | Found a staircase to the Orcish Mines.
 11392 | D:9      | Reached XP level 11. HP: 44/66 MP: 5/21
 11526 | D:9      | Noticed a six-headed hydra
 11535 | D:10     | Entered Level 10 of the Dungeon
 11752 | D:10     | Noticed a two-headed ogre
 11776 | D:10     | Killed a two-headed ogre
 11776 | D:10     | Offered knowledge of Frozen Ramparts by Vehumet.
 11777 | D:10     | Reached skill level 11 in Air Magic
 11839 | D:10     | Noticed Joseph
 11845 | D:10     | Noticed Maggie
 11943 | D:10     | Learned a level 5 spell: Irradiate
 11984 | D:10     | Killed Joseph
 11987 | D:10     | Killed Maggie
 12789 | D:10     | Found an ornate altar of the Wu Jian Council.
 12793 | D:10     | Found a white marble altar of Elyvilon.
 12796 | D:10     | Found a broken altar of Ashenzari.
 12951 | D:11     | Reached **** piety under Vehumet
 12980 | D:11     | Found an opulent altar of Gozag.
 13333 | D:11     | Noticed a cyclops
 13357 | D:11     | Noticed Sonja
 13364 | D:11     | Killed Sonja
 13365 | D:11     | Reached skill level 1 in Transmutations
 13481 | D:11     | Offered knowledge of Bolt of Magma by Vehumet.
 13482 | D:11     | Reached skill level 1 in Shields
 13555 | D:11     | Noticed a two-headed ogre
 13555 | D:11     | Noticed a boulder beetle
 13570 | D:11     | Killed a boulder beetle
 13718 | D:11     | Noticed a two-headed ogre
 13893 | D:9      | Killed a six-headed hydra
 13894 | D:9      | Reached skill level 10 in Conjurations
 14574 | D:9      | Found a staircase to the Lair.
 14588 | D:9      | Noticed Pikel
 14592 | D:9      | Killed Pikel
 14593 | D:9      | Reached skill level 5 in Evocations
 14593 | D:9      | Reached XP level 12. HP: 56/72 MP: 10/24
 15186 | D:7      | Bought a transparent silver ring for 165 gold pieces
 15186 | D:7      | Identified the ring of Sif Muna's Benevolence {rCorr Dex+6}
                  | (You bought it in a shop on level 7 of the Dungeon)
 15323 | D:3      | Killed bleucrow's ghost
 15528 | D:4      | Found a transporter.
 15541 | D:4      | Found an ancient bone altar of Kikubaaqudgha.
 15823 | D:4      | Found a transporter.
 15955 | D:4      | Found a basalt altar of Yredelemnul.
 16095 | D:4      | Killed Dega's ghost
 16095 | D:4      | Killed Dega's ghost
 16097 | D:4      | Killed Lemonspray55555's ghost
 16277 | D:4      | Killed Menkaure
 16436 | Lair:1   | Entered Level 1 of the Lair of Beasts
 16748 | Lair:1   | Identified the ring of Kofigy {Str+6 Dex+3}
 16896 | Lair:1   | Noticed a six-headed hydra
 16987 | Lair:1   | Killed a six-headed hydra
 17165 | Lair:1   | Noticed a five-headed hydra
 17187 | Lair:1   | Killed a five-headed hydra
 17188 | Lair:1   | Reached skill level 12 in Air Magic
 17273 | Lair:1   | Identified 2 scrolls of acquirement
 17274 | Lair:1   | Acquired the Disquisition on Combat Magic
 17276 | Lair:1   | Acquired a staff of air
 18015 | Lair:2   | Found a gate leading to a gauntlet.
 18024 | Gauntlet | Entered a Gauntlet
 18024 | Gauntlet | Found a transporter.
 18024 | Gauntlet | Found a transporter.
 18024 | Gauntlet | Found a transporter.
 18024 | Gauntlet | Noticed an eight-headed hydra
 18046 | Gauntlet | Found a transporter.
 18056 | Gauntlet | Found a transporter.
 18077 | Gauntlet | Found a transporter.
 18083 | Gauntlet | Found a transporter.
 18091 | Gauntlet | Found a transporter.
 18108 | Gauntlet | Found a transporter.
 18116 | Gauntlet | Found a transporter.
 18135 | Gauntlet | Found a transporter.
 18167 | Gauntlet | Found a transporter.
 18169 | Gauntlet | Noticed a tengu warrior
 18352 | Gauntlet | Learned a level 6 spell: Conjure Ball Lightning
 18354 | Gauntlet | Killed an eight-headed hydra
 18355 | Gauntlet | Reached skill level 1 in Staves
 18567 | Gauntlet | Identified the amulet "Plog" {Spirit Rampage rF++ rC+ MP-9}
 18713 | Gauntlet | Identified the +4 ring mail of the Rose {rF+ Will+}
 18713 | Gauntlet | Noticed a minotaur
 18742 | Gauntlet | Killed a minotaur
 19298 | Lair:2   | Found a blossoming altar of Fedhas.
 19570 | Lair:2   | Identified the +4 flail of Qukho {flame, Drain rF++ MP+9
                  | Int+4}
 20018 | Lair:3   | Found a staircase to the Shoals.
 20019 | Lair:3   | You are sucked into a shaft and drop 1 floor!
 20073 | Lair:3   | Noticed a five-headed hydra
 20090 | Lair:3   | Killed a five-headed hydra
 20091 | Lair:3   | Reached XP level 13. HP: 63/78 MP: 13/26
 20210 | Lair:3   | Found a dark tunnel.
 20228 | Volcano  | Entered a volcano
 20261 | Volcano  | Shot with a bolt by a yaktaur

Illustrated notes

Levels and vault maps discovered:
D:1:      minmay_arrival_four_circles, layout_loops_ring,
          ebering_ecumenical_altar_petrified, serial_shops, nicolae_square_shop
D:2:      layout_loops_cross, basic_altar, lemuel_old_faithful
D:3:      layout_loops_ring, ebering_ghost_sewer_f, serial_shops, shop
D:4:      layout_gridville, gammafunk_temple_of_torment,
          gammafunk_ghost_cemetery, minmay_ruptured
D:5:      layout_loops_ring, xom_redecorated, amcnicky_altar_gilded,
          minmay_temple_entry_glass, lightli_sewer_entry_pipes,
          serial_bayou_pond_c
D:6:      layout_loops_ring, minmay_misc_feat_iff
D:7:      layout_loops_ring, mainiacjoe_overflow_alcove_2, serial_shops, shop,
          uniq_prince_ribbit1
D:8:      layout_basic
D:9:      layout_basic, lair_entry_dummy, zombieorc2_lemuel, serial_bayou,
          serial_bayou_crossing, serial_bayou_pond_e, serial_bayou_pond_b,
          serial_bayou_ford_a, serial_bayou_pond_a, serial_bayou_pond_e,
          uniq_pikel, uniq_erolcha
D:10:     layout_loops_ring, grunt_temple_overflow_diamond, uniq_maggie,
          uniq_joseph
D:11:     minmay_the_grid_four_pointed_star [minmay_the_grid_triangle_9x9_sprig,
          minmay_the_grid_triangle_9x9_wacky_v,
          minmay_the_grid_triangle_9x9_negative_grid,
          minmay_the_grid_triangle_9x9_from_above,
          minmay_the_grid_prize_four_corners_diamond_a], layout_loops_cross,
          minmay_misc_feat_tower, grunt_gozag_statues, uniq_sonja
Temple:   eino_temple_water
Lair:1:   layout_small_grid, grunt_forest_large_clearing_hut, grunt_megastairs_1
Lair:2:   layout_regular_city, gauntlet_entry_generic, minivault_23,
          lemuel_oklob_altar, lemuel_fruit_fields
Lair:3:   layout_chaotic_city, minmay_shoals_entry_centaurs,
          nicolae_volcano_entry_s_turn
Lair:4:   layout_long_grid, spider_nest_entry_a, st_stairs_6,
          gammafunk_lair_bear_cave, grunt_megastairs_5
Volcano:  volcano_pools

Skill      XL: |  1  2  3  4  5  6  7  8  9 10 11 12 |
---------------+-------------------------------------+-----
Conjurations   | 2 3 4 5 6 7 9 10 11 | 11.2
Air Magic      | 5 6 7 8 9 10 11 12 | 12.4
Fighting       | 1 2 3 4 5 6 7 8 |  8.2
Spellcasting   | 3 4 5 6 7 8 |  8.1
Dodging        | 3 4 5 6 7 8 9 |  9.4
Poison Magic   | 2 3 |  3.0
Long Blades    | 2 |  2.0
Evocations     | 1 3 5 6 |  6.2
Transmutations | 2 3 |  3.5
Shields        | 2 4 |  4.0
Staves         | 3 |  3.2
Stealth        | |  2.0

Action                   |  1- 3 |  4- 6 |  7- 9 | 10-12 | 13-15 || total
-------------------------+-------+-------+-------+-------+-------++-------
Melee: Peck              |       |     1 |     5 |    24 |     2 ||    32
       Long sword        |       |     1 |     5 |    81 |       ||    87
       Kick              |       |       |     5 |    42 |     3 ||    50
       Staff             |       |       |       |     7 |    16 ||    23
 Cast: Shock             |    79 |   106 |   202 |    81 |     1 ||   469
       Swiftness         |       |     1 |       |     1 |       ||     2
       Airstrike         |       |       |    23 |   176 |       ||   199
       Poisonous Vapours |       |       |    15 |    57 |       ||    72
       Static Discharge  |       |       |     1 |    14 |       ||    15
       Irradiate         |       |       |       |     5 |       ||     5
       Conjure Ball Ligh |       |       |       |     6 |     1 ||     7
Evoke: Wand              |       |       |     4 |     7 |       ||    11
       Phantom mirror    |       |       |       |     1 |       ||     1
  Use: Scroll            |       |       |       |    22 |       ||    22
       Potion            |       |       |       |     3 |       ||     3
Armor: Robe              |     4 |     2 |     8 |    23 |     2 ||    39
Dodge: Dodged            |    17 |    19 |    77 |   178 |    15 ||   306
Block: Other             |       |       |       |    25 |       ||    25
       Reflection        |       |       |       |     3 |       ||     3
       Buckler           |       |       |       |       |     7 ||     7
       Rpst.: Falchion   |     3 |       |       |       |       ||     3
       Long sword        |       |     6 |    20 |    34 |       ||    60
